AoeStats
← TvojeMama4355

Arabia

511489707Analyzed
1v1 RM · 14d ago on Oct 5, 2026· 44m 37s· 2 players
Game mode
Random Map
Map size
Tiny (2 player)
Population
200
Speed
Normal
Resources
Standard
Victory
Conquest
Starting age
Dark Age
Ending age
Imperial Age
RankedLock teamsTeams togetherTeam positionsShared explorationLock speedFull tech treeHidden civsTurbo modeCheats
Victory
Defeat
🇨🇿 Danes · Czechia
870
+16
vs
🇫🇷 Teutons · France
875
-16
TvojeMama4355
5:10 Loom
10:44 Feudal Age
11:21 Double-Bit Axe
11:18 Horse Collar
15:26 Arson
18:16 Forging
17:48 Man-at-Arms
22:12 Castle Age
21:05 Man-at-Arms
23:35 Heavy Plow
24:07 Fletching
26:19 Wheelbarrow
26:55 Crossbowman
28:13 Bodkin Arrow
28:19 Scale Mail Armor
29:56 Bow Saw
30:58 Long Swordsman
31:24 Gambesons
31:41 Squires
34:02 Padded Archer Armor
34:37 Iron Casting
34:18 Chain Mail Armor
38:12 Ballistics
38:11 Leather Archer Armor
39:30 Thumb Ring
42:25 Imperial Age
39:56 Gold Mining
43:44 Ring Archer Armor
43:15 Bracer
44:15 Blast Furnace
43:46 Plate Mail Armor
42:44 Elite Jomsviking
42:46 Hamask
Bolemro
10:58 Feudal Age
10:18 Loom
11:45 Town Watch
11:43 Horse Collar
11:49 Double-Bit Axe
19:47 Man-at-Arms
26:12 Castle Age
24:13 Arson
25:29 Forging
25:20 Scale Mail Armor
26:53 Long Swordsman
28:49 Gambesons
29:05 Squires
35:40 Town Patrol
38:16 Iron Casting
38:33 Ballistics
41:05 Masonry
Connection lost

Rejoining the realm…

Still unreachable

The connection could not be restored.

Session expired

The server has moved on; the page needs a fresh start.